[Event "45th FIDE Olympiad 2024"]
[Site "Budapest"]
[Date "2024.09.15"]
[Round "5.165"]
[White "Espinoza Solano, Jose Nahum"]
[Black "Greet, Andrew N"]
[Result "1/2-1/2"]
[ECO "C01"]
[WhiteElo "2156"]
[BlackElo "2405"]
[PlyCount "115"]
[EventDate "2024.09.05"]
[EventType "team-tourn"]
[EventCountry "HUN"]
[WhiteTeam "Nicaragua"]
[BlackTeam "Scotland"]
[WhiteTeamCountry "NCA"]
[BlackTeamCountry "SCO"]
[TimeControl "40/5400+30:1800+30"]

1. e4 e6 2. d4 d5 3. exd5 exd5 4. Bd3 Nc6 5. c3 Bd6 6. Nf3 Nge7 7. O-O O-O 8. Re1 Bf5 9. Bxf5 Nxf5 10. Nbd2 Qd7 11. Nf1 Rae8 12. Rxe8 Rxe8 13. Qd3 Nd8 14. Bd2 f6 15. Re1 Rxe1 16. Bxe1 c6 17. Ne3 Nxe3 18. Qxe3 Kf7 19. Qd3 g6 20. h3 Qe6 21. Bd2 h5 22. Kf1 b5 23. Be3 a6 24. Nd2 Kg7 25. Nf3 Nf7 26. b3 Qe4 27. Ne1 f5 28. f3 Qe7 29. Qd2 g5 30. Nd3 f4 31. Bf2 Qf6 32. Nc5 Bxc5 33. dxc5 Qf5 34. Bd4+ Kf8 35. Qe2 Nd8 36. Kg1 Ne6 37. a4 Kf7 38. Kh2 Kg6 39. axb5 axb5 40. b4 Kh6 41. Qe1 Kh7 42. Qe2 Kg6 43. Kh1 Kf7 44. Kh2 Nf8 45. Qe1 Ng6 46. Qe2 Ne7 47. Kg1 Qe6 48. Qxe6+ Kxe6 49. Kf2 Kf5 50. Kf1 Ng6 51. Ke2 Nf8 52. Kf1 Ne6 53. Kf2 g4 54. hxg4+ hxg4 55. Kf1 Nxd4 56. cxd4 Kg5 57. Kg1 Kh5 58. Kh1 1/2-1/2

[Event "45th FIDE Olympiad 2024"]
[Site "Budapest"]
[Date "2024.09.15"]
[Round "5.166"]
[White "Olson, Hamish"]
[Black "Alfaro, William"]
[Result "1-0"]
[ECO "E60"]
[WhiteElo "2384"]
[BlackElo "2133"]
[PlyCount "87"]
[EventDate "2024.09.05"]
[EventType "team-tourn"]
[EventCountry "HUN"]
[WhiteTeam "Scotland"]
[BlackTeam "Nicaragua"]
[WhiteTeamCountry "SCO"]
[BlackTeamCountry "NCA"]
[TimeControl "40/5400+30:1800+30"]

1. d4 Nf6 2. Nf3 g6 3. g3 Bg7 4. Bg2 O-O 5. O-O c5 6. c4 d6 7. b3 cxd4 8. Nxd4 Nc6 9. Bb2 Bd7 10. Nc3 Qa5 11. Nc2 Ng4 12. Qd2 Qh5 13. h3 Nf6 14. Nd5 Bxh3 15. Nf4 Qg5 16. Bxh3 e5 17. Rad1 Ne4 18. Qd5 Nf6 19. Qf3 exf4 20. Qxf4 Qh5 21. Bxf6 Qxh3 22. Bxg7 Kxg7 23. Rxd6 Rae8 24. Qf3 Re5 25. Nd4 Rh5 26. Qg2 Qg4 27. Nxc6 bxc6 28. e3 Qe2 29. Qxc6 Qxa2 30. b4 a5 31. bxa5 Rxa5 32. Qe4 Qa3 33. Qd4+ Kg8 34. Rd8 h5 35. Rb1 Ra8 36. Rxf8+ Qxf8 37. Rb7 Rd8 38. Qe4 Qc5 39. Re7 Kf8 40. Re5 Qb4 41. Rd5 Rc8 42. Qd4 Rxc4 43. Qh8+ Ke7 44. Qe5+ 1-0

[Event "45th FIDE Olympiad 2024"]
[Site "Budapest"]
[Date "2024.09.15"]
[Round "5.167"]
[White "Rocha, Maximiliano"]
[Black "Abdulla, Murad"]
[Result "0-1"]
[ECO "B20"]
[WhiteElo "2156"]
[BlackElo "2312"]
[PlyCount "56"]
[EventDate "2024.09.05"]
[EventType "team-tourn"]
[EventCountry "HUN"]
[WhiteTeam "Nicaragua"]
[BlackTeam "Scotland"]
[WhiteTeamCountry "NCA"]
[BlackTeamCountry "SCO"]
[TimeControl "40/5400+30:1800+30"]

1. e4 c5 2. Nf3 e6 3. Nc3 a6 4. a4 Nc6 5. Bc4 Nf6 6. Qe2 Qc7 7. O-O d6 8. d3 h6 9. Be3 Be7 10. Bb3 O-O 11. d4 cxd4 12. Nxd4 Na5 13. Ba2 Bd7 14. f4 Rac8 15. Rad1 Nc4 16. Bc1 e5 17. fxe5 dxe5 18. Nf5 Bxf5 19. Rxf5 Nxb2 20. Nd5 Nxd5 21. Rxd5 Qxc2 22. Qxc2 Rxc2 23. Rf1 Rfc8 24. Bd2 Nc4 25. Bxc4 R8xc4 26. Rb1 Rxa4 27. Rxb7 Ra1+ 28. Kf2 Bg5 {0-} 0-1

[Event "45th FIDE Olympiad 2024"]
[Site "Budapest"]
[Date "2024.09.15"]
[Round "5.168"]
[White "Gourlay, Iain"]
[Black "Sanchez, Steven"]
[Result "1-0"]
[ECO "D02"]
[WhiteElo "2296"]
[BlackElo "2072"]
[PlyCount "113"]
[EventDate "2024.09.05"]
[EventType "team-tourn"]
[EventCountry "HUN"]
[WhiteTeam "Scotland"]
[BlackTeam "Nicaragua"]
[WhiteTeamCountry "SCO"]
[BlackTeamCountry "NCA"]
[TimeControl "40/5400+30:1800+30"]

1. Nf3 d5 2. g3 Nc6 3. d4 Bf5 4. Bg2 Qd7 5. O-O f6 6. c4 e6 7. Nc3 Nge7 8. Qa4 g5 9. b4 g4 10. cxd5 Nxd5 11. Nxd5 exd5 12. b5 Ne7 13. Nd2 a6 14. e4 dxe4 15. Nxe4 Bxe4 16. Bxe4 Rd8 17. Qc2 axb5 18. Ba3 Kf7 19. Rfe1 Nc6 20. Bb2 Nb4 21. Qb1 Re8 22. d5 Bd6 23. Re3 Kg7 24. Bf5 Qf7 25. Re4 Rxe4 26. Qxe4 h5 27. Be6 Qg6 28. Bf5 Qf7 29. Ba3 Qxd5 30. Qxd5 Nxd5 31. Bxd6 cxd6 32. Rd1 Ne7 33. Be6 Rd8 34. Rb1 f5 35. Rxb5 Kf6 36. Bb3 Rd7 37. Kf1 Rc7 38. Ke1 Rd7 39. Kd2 Ng6 40. Bd5 f4 41. Rxb7 Rxb7 42. Bxb7 h4 43. a4 fxg3 44. fxg3 Ne5 45. Ke3 hxg3 46. hxg3 Ke7 47. Bd5 Kd7 48. Kf4 Kc7 49. Be6 Nd3+ 50. Kxg4 Nc5 51. Kf5 d5 52. Bxd5 Kd6 53. Bc4 Nxa4 54. g4 Ke7 55. g5 Kf8 56. Kg6 Nc5 57. Kh6 1-0

[Event "45th FIDE Olympiad 2024"]
[Site "Budapest"]
[Date "2024.09.15"]
[Round "5.169"]
[White "Tran, Thanh Tu"]
[Black "Juarez Flores, Carlos A."]
[Result "1-0"]
[ECO "D40"]
[WhiteElo "2387"]
[BlackElo "2308"]
[PlyCount "81"]
[EventDate "2024.09.05"]
[EventType "team-tourn"]
[EventCountry "HUN"]
[WhiteTeam "Japan"]
[BlackTeam "Guatemala"]
[WhiteTeamCountry "JPN"]
[BlackTeamCountry "GUA"]
[TimeControl "40/5400+30:1800+30"]

1. d4 d5 2. c4 e6 3. Nf3 Be7 4. e3 Nf6 5. Nc3 O-O 6. b3 c5 7. dxc5 Bxc5 8. Bb2 Nc6 9. a3 a6 10. b4 Ba7 11. Qc2 Qe7 12. Rd1 Rd8 13. Be2 dxc4 14. Rxd8+ Qxd8 15. Bxc4 b5 16. Bd3 Bb7 17. Ne4 Nd5 18. Nc5 Bxc5 19. Bxh7+ Kh8 20. bxc5 f5 21. Bg6 Qa5+ 22. Nd2 Qa4 23. Qxa4 bxa4 24. Nc4 a5 25. Ne5 Nxe5 26. Bxe5 Ne7 27. Bh5 Kg8 28. Bf3 Nd5 29. Kd2 Rd8 30. Bd6 Kf7 31. Rb1 Bc6 32. Kd3 e5 33. Kc4 e4 34. Be2 Ke6 35. Kd4 Kd7 36. Bc4 Nf6 37. Ke5 Ng4+ 38. Kxf5 Nxf2 39. Be6+ Ke8 40. Rf1 Nd3 41. Kg6 1-0

[Event "45th FIDE Olympiad 2024"]
[Site "Budapest"]
[Date "2024.09.15"]
[Round "5.170"]
[White "Giron Chavez, David Emanuel"]
[Black "Nanjo, Ryosuke"]
[Result "0-1"]
[ECO "B55"]
[WhiteElo "2065"]
[BlackElo "2372"]
[PlyCount "74"]
[EventDate "2024.09.05"]
[EventType "team-tourn"]
[EventCountry "HUN"]
[WhiteTeam "Guatemala"]
[BlackTeam "Japan"]
[WhiteTeamCountry "GUA"]
[BlackTeamCountry "JPN"]
[TimeControl "40/5400+30:1800+30"]

1. e4 c5 2. Nf3 d6 3. d4 cxd4 4. Nxd4 Nf6 5. f3 e5 6. Nb3 Be6 7. c4 Nc6 8. Be3 Be7 9. Qd2 a5 10. Na3 a4 11. Nc1 d5 12. Nd3 dxe4 13. Nc5 Qxd2+ 14. Kxd2 exf3 15. Nxe6 fxe6 16. gxf3 Rd8+ 17. Ke2 Nh5 18. Bh3 Nd4+ 19. Kf2 Bh4+ 20. Kg2 Rf8 21. Rhd1 Nf4+ 22. Bxf4 Rxf4 23. Rd3 Ke7 24. Nb5 e4 25. Nxd4 Rxd4 26. Re3 Rd2+ 27. Kh1 Rxf3 28. Rxf3 exf3 29. Bg4 Rf2 30. Rb1 g6 31. a3 h5 32. Bh3 g5 33. Bf1 g4 34. Kg1 Rd2 35. b3 axb3 36. Rxb3 Bf2+ 37. Kh1 Rd1 {0-} 0-1

[Event "45th FIDE Olympiad 2024"]
[Site "Budapest"]
[Date "2024.09.15"]
[Round "5.171"]
[White "Aoshima, Mirai"]
[Black "Galvez Dastin, Eduardo"]
[Result "1-0"]
[ECO "D43"]
[WhiteElo "2385"]
[BlackElo "2100"]
[PlyCount "145"]
[EventDate "2024.09.05"]
[EventType "team-tourn"]
[EventCountry "HUN"]
[WhiteTeam "Japan"]
[BlackTeam "Guatemala"]
[WhiteTeamCountry "JPN"]
[BlackTeamCountry "GUA"]
[TimeControl "40/5400+30:1800+30"]

1. d4 d5 2. Nf3 Nf6 3. c4 c6 4. Nc3 e6 5. Qb3 dxc4 6. Qxc4 b5 7. Qd3 b4 8. Na4 Nbd7 9. g3 Qa5 10. b3 Ba6 11. Qd1 c5 12. Bg2 Rc8 13. O-O Be7 14. a3 Qb5 15. dxc5 Nxc5 16. Nd4 Qd7 17. axb4 Nce4 18. Nc5 Nxc5 19. bxc5 Bxc5 20. Rxa6 Bxd4 21. Ba3 Bb6 22. Qa1 Qb5 23. Bd6 h5 24. Qa4 Qd7 25. h3 Rh6 26. Rd1 Rg6 27. e3 Qxa4 28. bxa4 Rg5 29. Bf1 Ne4 30. Bb4 Nc3 31. Ra1 Nd5 32. Bb5+ Kd8 33. Rd1 Kc7 34. Bd2 Re5 35. a5 Bc5 36. Rc6+ Kb8 37. Rc1 Rxc6 38. Bxc6 Bb4 39. Bxb4 Nxb4 40. Be8 Nd3 41. Rc3 Nc5 42. Bxf7 Ne4 43. Rb3+ Kc7 44. Bg6 Nc5 45. Rb4 Rg5 46. Be8 Kd8 47. Bb5 Kc7 48. Kg2 Nb7 49. a6 Nc5 50. Be2 Rd5 51. Rf4 g5 52. Rc4 Kb6 53. Rb4+ Kc7 54. Rb5 Kc6 55. Rb2 Kc7 56. Bxh5 Nxa6 57. Bf3 Rd7 58. Rb5 Kd6 59. Rxg5 Nc5 60. Rg8 Kc7 61. h4 e5 62. h5 e4 63. Bg4 Rh7 64. Bf5 Rxh5 65. g4 Rh6 66. g5 Rh5 67. Bg4 Rh4 68. Kg3 Rh1 69. g6 Nd3 70. Rc8+ Kb6 71. g7 Rg1+ 72. Kh4 Nxf2 73. g8=Q 1-0

[Event "45th FIDE Olympiad 2024"]
[Site "Budapest"]
[Date "2024.09.15"]
[Round "5.172"]
[White "Aragon Trujillo, Ricardo M."]
[Black "Kojima, Shinya"]
[Result "0-1"]
[ECO "B15"]
[WhiteElo "2057"]
[BlackElo "2299"]
[PlyCount "130"]
[EventDate "2024.09.05"]
[EventType "team-tourn"]
[EventCountry "HUN"]
[WhiteTeam "Guatemala"]
[BlackTeam "Japan"]
[WhiteTeamCountry "GUA"]
[BlackTeamCountry "JPN"]
[TimeControl "40/5400+30:1800+30"]

1. e4 c6 2. Nf3 d5 3. Nc3 dxe4 4. Nxe4 Nf6 5. Nxf6+ exf6 6. d4 Bd6 7. Be2 O-O 8. O-O Re8 9. Re1 Nd7 10. c4 Nf8 11. h3 Be6 12. Be3 Qd7 13. Rc1 Ng6 14. Bf1 a5 15. a4 Re7 16. b3 Rd8 17. Bd2 Bc7 18. b4 axb4 19. Bxb4 Bd6 20. Bxd6 Qxd6 21. Rb1 Qb8 22. Qb3 Qa7 23. Ra1 Qa5 24. Reb1 Bf5 25. Qb6 Ra8 26. Qxa5 Rxa5 27. Rb2 h6 28. Nd2 Ra7 29. Rb4 Nf4 30. a5 Ne2+ 31. Bxe2 Rxe2 32. Nf1 Be6 33. Ne3 Rd2 34. c5 f5 35. Nf1 Rc2 36. Ne3 Rd2 37. Nf1 Re2 38. Ne3 f4 39. Kf1 Ra2 40. Rxa2 Bxa2 41. Nf5 Be6 42. Nd6 Rxa5 43. Nxb7 Ra1+ 44. Ke2 Ra2+ 45. Kf1 f3 46. gxf3 Bxh3+ 47. Kg1 Be6 48. Nd6 Bd5 49. Rb6 Bxf3 50. Rb8+ Kh7 51. Nxf7 Bd5 52. Ne5 h5 53. Rf8 h4 54. f3 Rd2 55. Rf4 g5 56. Rg4 Kh6 57. Rg2 Rxd4 58. Kh2 Rf4 59. Rf2 Kh5 60. Rb2 Bxf3 61. Rb6 g4 62. Nxf3 Rxf3 63. Rxc6 Rf2+ 64. Kg1 Rc2 65. Rc8 h3 {0-} 0-1

[Event "45th FIDE Olympiad 2024"]
[Site "Budapest"]
[Date "2024.09.15"]
[Round "5.173"]
[White "Pace, Colin"]
[Black "Khoroshev, Nikita"]
[Result "0-1"]
[ECO "C54"]
[WhiteElo "2186"]
[BlackElo "2355"]
[PlyCount "60"]
[EventDate "2024.09.05"]
[EventType "team-tourn"]
[EventCountry "HUN"]
[WhiteTeam "Malta"]
[BlackTeam "Kyrgyzstan"]
[WhiteTeamCountry "MLT"]
[BlackTeamCountry "KGZ"]
[TimeControl "40/5400+30:1800+30"]

1. e4 e5 2. Nf3 Nc6 3. Bc4 Nf6 4. d3 Bc5 5. O-O d6 6. c3 Bb6 7. h3 h6 8. Re1 O-O 9. Nbd2 Nh5 10. Nf1 Qf6 11. Be3 Nf4 12. Bxb6 axb6 13. Ne3 Be6 14. Kh2 Na5 15. Bd5 c5 16. Ng1 Nc6 17. g3 Nxd5 18. exd5 Qxf2+ 19. Kh1 Bd7 20. Re2 Qxg3 21. dxc6 Bxc6+ 22. Ng2 f5 23. d4 f4 24. d5 Bb5 25. c4 Bxc4 26. Rc2 Bd3 27. Rc3 f3 28. Ne1 Be4 29. Nexf3 Rxf3 30. Nxf3 Rf8 {0-} 0-1

[Event "45th FIDE Olympiad 2024"]
[Site "Budapest"]
[Date "2024.09.15"]
[Round "5.174"]
[White "Orozbaev, Eldiyar"]
[Black "Darmanin, Jake"]
[Result "1-0"]
[ECO "C73"]
[WhiteElo "2376"]
[BlackElo "2119"]
[PlyCount "81"]
[EventDate "2024.09.05"]
[EventType "team-tourn"]
[EventCountry "HUN"]
[WhiteTeam "Kyrgyzstan"]
[BlackTeam "Malta"]
[WhiteTeamCountry "KGZ"]
[BlackTeamCountry "MLT"]
[TimeControl "40/5400+30:1800+30"]

1. e4 e5 2. Nf3 Nc6 3. Bb5 a6 4. Ba4 d6 5. Bxc6+ bxc6 6. d4 exd4 7. Nxd4 c5 8. Ne2 Bb7 9. Nbc3 Nf6 10. Ng3 g6 11. h4 Qe7 12. Bg5 Bg7 13. h5 h6 14. Nd5 Bxd5 15. Bxf6 Qxf6 16. Qxd5 O-O 17. hxg6 c6 18. gxf7+ Rxf7 19. Qd2 Qxb2 20. O-O Qe5 21. Rad1 Rd8 22. Qe3 Qe6 23. Nf5 Bf8 24. g4 Re8 25. f3 d5 26. Rfe1 d4 27. Qf2 Qxa2 28. Kg2 Qe6 29. Rh1 Qg6 30. Rh5 Re6 31. Rdh1 Kh7 32. Qd2 Rff6 33. Kf1 Kg8 34. e5 Rxe5 35. Rxh6 Bxh6 36. Rxh6 Qxf5 37. gxf5 Rexf5 38. Qg2+ Kf7 39. Rh7+ Ke6 40. Qg8+ Ke5 41. Re7+ 1-0

[Event "45th FIDE Olympiad 2024"]
[Site "Budapest"]
[Date "2024.09.15"]
[Round "5.175"]
[White "Novak, Attila Robert"]
[Black "Abdyzhapar, Asylbek"]
[Result "0-1"]
[ECO "E01"]
[WhiteElo "2135"]
[BlackElo "2357"]
[PlyCount "68"]
[EventDate "2024.09.05"]
[EventType "team-tourn"]
[EventCountry "HUN"]
[WhiteTeam "Malta"]
[BlackTeam "Kyrgyzstan"]
[WhiteTeamCountry "MLT"]
[BlackTeamCountry "KGZ"]
[TimeControl "40/5400+30:1800+30"]

1. d4 Nf6 2. Nf3 e6 3. g3 c5 4. Bg2 cxd4 5. O-O d5 6. Nxd4 Bc5 7. c4 O-O 8. cxd5 Nxd5 9. Nb3 Be7 10. e4 Nb4 11. Nc3 N8c6 12. Qe2 Qd3 13. Rd1 Qxe2 14. Nxe2 e5 15. Nc3 Bg4 16. f3 Be6 17. Nd5 Nxd5 18. exd5 Rfd8 19. f4 Nb4 20. Bd2 Nxd5 21. fxe5 Rac8 22. Rac1 b6 23. Rxc8 Rxc8 24. Be4 Nb4 25. Bxb4 Bxb4 26. Kg2 g6 27. Kf3 h5 28. Ke3 a5 29. Bb1 Bf8 30. Nd4 Rd8 31. b3 Bg4 32. Rd3 Bc5 33. Ke4 Bxd4 34. Rxd4 Bf5+ {0-} 0-1

[Event "45th FIDE Olympiad 2024"]
[Site "Budapest"]
[Date "2024.09.15"]
[Round "5.176"]
[White "Sezdbekov, Ruslan"]
[Black "Zerafa, Patrick"]
[Result "1-0"]
[ECO "A46"]
[WhiteElo "2251"]
[BlackElo "1986"]
[PlyCount "99"]
[EventDate "2024.09.05"]
[EventType "team-tourn"]
[EventCountry "HUN"]
[WhiteTeam "Kyrgyzstan"]
[BlackTeam "Malta"]
[WhiteTeamCountry "KGZ"]
[BlackTeamCountry "MLT"]
[TimeControl "40/5400+30:1800+30"]

1. d4 Nf6 2. Nf3 d6 3. g3 Nbd7 4. Bg2 c6 5. O-O Qc7 6. Re1 e5 7. e4 Be7 8. c3 O-O 9. Nbd2 Re8 10. a4 Bf8 11. Qc2 b6 12. b3 Bb7 13. Bb2 Rad8 14. Rad1 c5 15. d5 h6 16. c4 Rb8 17. a5 b5 18. cxb5 Qxa5 19. Bf1 Qc7 20. Ra1 Ra8 21. Ra3 Nb6 22. Rea1 Bc8 23. Bc3 Bg4 24. h3 Bh5 25. Nh4 g5 26. Ng2 Bg6 27. Bd3 Be7 28. Ne3 Reb8 29. Ndc4 Qd7 30. Nxb6 Rxb6 31. g4 Rb7 32. Ra6 Rab8 33. Rc6 Bd8 34. Nc4 Ne8 35. Qe2 f6 36. Raa6 Bb6 37. Ba5 Qd8 38. Kg2 Bxa5 39. Rxa5 Rd7 40. Qa2 Rbb7 41. Raa6 Bf7 42. f3 Kf8 43. Ra4 Qb8 44. Na5 Rb6 45. Rxb6 axb6 46. Nc6 Qb7 47. Ra7 Qc8 48. Ra8 Qb7 49. Rb8 Qc7 50. Qa6 1-0

[Event "45th FIDE Olympiad 2024"]
[Site "Budapest"]
[Date "2024.09.15"]
[Round "5.177"]
[White "Saraci, Nderim"]
[Black "Ortega Amarelle, Mariano"]
[Result "0-1"]
[ECO "C66"]
[WhiteElo "2446"]
[BlackElo "2453"]
[PlyCount "128"]
[EventDate "2024.09.05"]
[EventType "team-tourn"]
[EventCountry "HUN"]
[WhiteTeam "Kosovo"]
[BlackTeam "Cape Verde"]
[WhiteTeamCountry "KOS"]
[TimeControl "40/5400+30:1800+30"]

1. e4 e5 2. Nf3 Nc6 3. Bb5 Nf6 4. d3 d6 5. O-O g6 6. d4 Bd7 7. Nc3 Bg7 8. Bxc6 Bxc6 9. dxe5 Nxe4 10. Nxe4 Bxe4 11. Re1 d5 12. Ng5 Bf5 13. e6 Bxe6 14. Nxe6 fxe6 15. Rxe6+ Kf7 16. Re1 c6 17. c3 Re8 18. Be3 Re4 19. Qd2 Qc7 20. f3 Re6 21. Bd4 Bxd4+ 22. Qxd4 Qb6 23. b3 Qxd4+ 24. cxd4 a5 25. Kf2 b6 26. Rac1 Rc8 27. f4 c5 28. Re5 Rxe5 29. fxe5 Ke6 30. Ke2 Ra8 31. dxc5 bxc5 32. Rxc5 a4 33. b4 a3 34. Kd3 Kxe5 35. Ra5 Rb8 36. b5 h5 37. h4 Rb7 38. Ke3 Rb8 39. Kd3 Rb7 40. Kc3 Ke4 41. Ra4+ Ke3 42. Kb4 d4 43. Rxa3+ d3 44. Kc5 Ke2 45. Rxd3 Kxd3 46. b6 Rf7 47. a4 Rf2 48. a5 Rf5+ 49. Kb4 Rf4+ 50. Kb5 Rf5+ 51. Ka6 Kc4 52. b7 Rb5 53. Ka7 Rxa5+ 54. Kb6 Rb5+ 55. Kc7 Kd4 56. b8=Q Rxb8 57. Kxb8 Ke4 58. Kc7 Kf4 59. Kd6 Kg3 60. Ke5 Kxg2 61. Kf6 Kh3 62. Kg5 Kg3 63. Kxg6 Kxh4 64. Kf5 Kg3 {0-} 0-1

[Event "45th FIDE Olympiad 2024"]
[Site "Budapest"]
[Date "2024.09.15"]
[Round "5.178"]
[White "Alho, Diogo"]
[Black "Ondozi, Murtez"]
[Result "1/2-1/2"]
[ECO "D43"]
[WhiteElo "2192"]
[BlackElo "2371"]
[PlyCount "199"]
[EventDate "2024.09.05"]
[EventType "team-tourn"]
[EventCountry "HUN"]
[WhiteTeam "Cape Verde"]
[BlackTeam "Kosovo"]
[BlackTeamCountry "KOS"]
[TimeControl "40/5400+30:1800+30"]

1. d4 d5 2. c4 c6 3. Nf3 Nf6 4. Nc3 e6 5. Qd3 dxc4 6. Qxc4 b5 7. Qd3 Bb7 8. g4 Nxg4 9. Rg1 Nf6 10. Bf4 Nbd7 11. Nd2 a6 12. e4 c5 13. d5 e5 14. Be3 Nh5 15. a4 b4 16. Ncb1 Nf4 17. Qc2 Qh4 18. Nf3 Qf6 19. Nbd2 h6 20. h3 g6 21. Nh2 h5 22. Nhf3 Be7 23. h4 O-O 24. a5 Rfe8 25. Rg3 c4 26. Nxc4 Rac8 27. Rd1 Bd6 28. b3 Bf8 29. Ng5 Nc5 30. Rf3 Bh6 31. Bh3 Rc7 32. d6 Rc6 33. d7 Rd8 34. Bxf4 exf4 35. e5 Qe7 36. Rxf4 Bxg5 37. hxg5 Qxg5 38. Rfd4 Qg1+ 39. Bf1 Ne6 40. Rd6 Rc5 41. Qd3 Qg5 42. Qg3 Qxg3 43. fxg3 Kf8 44. Kf2 Bc6 45. Nb6 Ng5 46. Bd3 Be4 47. Nc4 Bc6 48. Ke3 Bb5 49. Kd4 Rc7 50. Nb6 Bxd3 51. Rxd3 Ne6+ 52. Ke3 Nc5 53. R3d4 Nxb3 54. Rxb4 Nxa5 55. Ra4 Nb7 56. Rf6 Kg7 57. Raf4 Rdxd7 58. Nxd7 Rxd7 59. Rxa6 Nc5 60. Rd6 Re7 61. Rd5 Ne6 62. Ra4 Rc7 63. Rda5 Rc3+ 64. Kf2 Rc2+ 65. Ke3 Rc3+ 66. Kf2 Nc5 67. Ra3 Nd3+ 68. Ke3 Rxa3 69. Rxa3 Nxe5 70. Ke4 Ng4 71. Ra7 Kf6 72. Ra5 Nf2+ 73. Kf3 Nd3 74. Ke4 Nf2+ 75. Kf3 Nh3 76. Ra6+ Kg7 77. Ra7 Ng5+ 78. Kf4 Kf6 79. Ra6+ Ne6+ 80. Kf3 Kg5 81. Rd6 Kf5 82. Rd5+ Kf6 83. Ra5 Nd4+ 84. Kf4 g5+ 85. Ke4 Ne6 86. Ra6 g4 87. Rb6 Kg5 88. Rb5+ Kg6 89. Rb6 Kf6 90. Ra6 Kg5 91. Ra5+ Kg6 92. Ra6 h4 93. gxh4 Kh5 94. Kf5 g3 95. Ra8 Ng7+ 96. Kf6 Kxh4 97. Ra4+ Kh3 98. Ra3 Kh2 99. Rxg3 Kxg3 100. Kxf7 1/2-1/2

[Event "45th FIDE Olympiad 2024"]
[Site "Budapest"]
[Date "2024.09.15"]
[Round "5.179"]
[White "Uruci, Endrit"]
[Black "Mirulla, David"]
[Result "1-0"]
[ECO "C56"]
[WhiteElo "2348"]
[BlackElo "1904"]
[PlyCount "67"]
[EventDate "2024.09.05"]
[EventType "team-tourn"]
[EventCountry "HUN"]
[WhiteTeam "Kosovo"]
[BlackTeam "Cape Verde"]
[WhiteTeamCountry "KOS"]
[TimeControl "40/5400+30:1800+30"]

1. e4 e5 2. Nf3 Nc6 3. d4 exd4 4. Bc4 Nf6 5. e5 d5 6. Bb5 Ne4 7. Nxd4 Bc5 8. O-O O-O 9. Nxc6 bxc6 10. Bxc6 Qh4 11. Be3 Bxe3 12. fxe3 Qh6 13. Bxa8 Qxe3+ 14. Kh1 Bg4 15. Qe1 Qxe1 16. Rxe1 Rxa8 17. Nc3 Nxc3 18. bxc3 Rb8 19. Rab1 Rb6 20. h3 Bf5 21. Rxb6 axb6 22. Rd1 Kf8 23. Rxd5 Ke7 24. c4 Ke6 25. c3 Be4 26. Rd8 h5 27. Kg1 Bb7 28. Kf2 Ke7 29. Rb8 Ba6 30. c5 Bc4 31. cxb6 cxb6 32. Rb7+ Ke8 33. a4 Bb3 34. a5 1-0

[Event "45th FIDE Olympiad 2024"]
[Site "Budapest"]
[Date "2024.09.15"]
[Round "5.180"]
[White "Vaz, Jose Carlos"]
[Black "Fejzullahu, Afrim"]
[Result "1-0"]
[ECO "C47"]
[WhiteElo "1909"]
[BlackElo "2221"]
[PlyCount "97"]
[EventDate "2024.09.05"]
[EventType "team-tourn"]
[EventCountry "HUN"]
[WhiteTeam "Cape Verde"]
[BlackTeam "Kosovo"]
[BlackTeamCountry "KOS"]
[TimeControl "40/5400+30:1800+30"]

1. e4 e5 2. Nf3 Nc6 3. Nc3 Nf6 4. d4 exd4 5. Nxd4 Bb4 6. Nxc6 bxc6 7. Bd3 d5 8. exd5 cxd5 9. O-O O-O 10. Bg5 c6 11. Qf3 h6 12. Bh4 g5 13. Bg3 Bg4 14. Bc7 Bxf3 15. Bxd8 Rfxd8 16. gxf3 Bxc3 17. bxc3 Nh5 18. Rfe1 Kf8 19. Ba6 Rab8 20. Rab1 Nf4 21. Rb3 Re8 22. Rxe8+ Rxe8 23. Kf1 c5 24. Rb7 c4 25. Bb5 Re2 26. Ba4 a6 27. Rb6 Re6 28. Bc6 a5 29. Rb8+ Kg7 30. Bd7 Re7 31. Bc6 Re6 32. Bd7 Re7 33. Bc6 Rc7 34. Ba4 h5 35. Rb5 Ra7 36. Ke1 h4 37. Rb6 Re7+ 38. Kf1 Ne2 39. Rb5 Nxc3 40. Rxa5 Nxa2 41. Rxd5 Ra7 42. Bb5 Nc3 43. Rxg5+ Kf6 44. f4 Ra1+ 45. Kg2 Nxb5 46. Rxb5 Ra2 47. Rh5 Rxc2 48. Rxh4 Kf5 49. Kg3 1-0

[Event "45th FIDE Olympiad 2024"]
[Site "Budapest"]
[Date "2024.09.15"]
[Round "5.181"]
[White "Michaelides, Konstantinos"]
[Black "Atabayev, Saparmyrat"]
[Result "1/2-1/2"]
[ECO "D85"]
[WhiteElo "2297"]
[BlackElo "2516"]
[PlyCount "261"]
[EventDate "2024.09.05"]
[EventType "team-tourn"]
[EventCountry "HUN"]
[WhiteTeam "Cyprus"]
[BlackTeam "Turkmenistan"]
[WhiteTeamCountry "CYP"]
[BlackTeamCountry "TKM"]
[TimeControl "40/5400+30:1800+30"]

1. d4 Nf6 2. c4 g6 3. Nc3 d5 4. cxd5 Nxd5 5. e4 Nxc3 6. bxc3 Bg7 7. Nf3 c5 8. Bb5+ Nd7 9. O-O O-O 10. Re1 a6 11. Bf1 Qc7 12. Rb1 Rd8 13. Qb3 b5 14. a4 bxa4 15. Qxa4 Nf8 16. Ba3 cxd4 17. cxd4 Bg4 18. Ne5 Bxe5 19. dxe5 Qxe5 20. Rb7 Rd7 21. Bb2 Qd6 22. Rxd7 Bxd7 23. Qa5 Bc6 24. Bc4 Rb8 25. Qc3 Qf6 26. e5 Qf5 27. Ba3 Rb1 28. Bc1 Bb7 29. Ba2 Rb5 30. Bc4 Qg4 31. Bf1 Ne6 32. f3 Qb4 33. Qxb4 Rxb4 34. Ba3 Rd4 35. Bxe7 g5 36. Rb1 Rd7 37. Bd6 Nf4 38. Ra1 Kg7 39. g3 Ne6 40. Kf2 Bc8 41. Rc1 Bb7 42. Ke3 Bd5 43. Bxa6 Ra7 44. Be2 Ra2 45. Rc8 Rb2 46. Be7 Rb3+ 47. Bd3 Bxf3 48. Bf6+ Kh6 49. Rh8 Rxd3+ 50. Kxd3 Kg6 51. Ke3 Bg4 52. Ke4 Bf5+ 53. Kf3 h5 54. Rg8+ Kh7 55. Rb8 Kg6 56. Ke3 Bc2 57. Rb2 Bf5 58. Rf2 Nc5 59. Be7 Ne6 60. Kd2 Nc7 61. Bf6 Nd5 62. Bd8 Be4 63. Rf1 Bf5 64. Re1 Kh6 65. Kc1 Nb4 66. Rf1 Kg6 67. Bf6 Nd5 68. Bh8 Ne3 69. Re1 Nd5 70. Rd1 Be6 71. Kb2 Kh7 72. Bf6 Kg6 73. Bd8 Ne3 74. Re1 Ng4 75. Re2 Bc4 76. Rc2 Be6 77. Bf6 Nxf6 78. exf6 Kxf6 79. Rc5 h4 80. gxh4 gxh4 81. Kc3 h3 82. Kd4 Bd7 83. Ke4 Be6 84. Kf4 Bd7 85. Ra5 Be6 86. Ra6 Kg6 87. Ke5 Kg5 88. Ra8 Kg4 89. Rg8+ Kf3 90. Rg3+ Kf2 91. Kf4 Ke2 92. Rf3 Kd2 93. Re3 Bd7 94. Re5 Be6 95. Kf3 Kd3 96. Re3+ Kd4 97. Kf4 Kd5 98. Rd3+ Kc4 99. Rd1 Kc5 100. Ke5 Kc6 101. Rd3 Kc7 102. Rc3+ Kd7 103. Kf6 Kd6 104. Rd3+ Kc5 105. Ke7 Kc4 106. Rd8 Kc5 107. Rd6 Kc4 108. Kf6 Kc5 109. Ke5 Kc4 110. Rd8 Kc5 111. Rd6 Kc4 112. Rd1 Kc3 113. Ke4 Kc2 114. Rd4 Kc3 115. Rd6 Kc2 116. Ke3 Kc3 117. Rc6+ Kb4 118. Kd4 Kb5 119. Rc1 Kb6 120. Ke5 Kb5 121. Kf4 Kb4 122. Kg3 Kb5 123. Kh4 Kb4 124. Rc2 Bf5 125. Rc1 Be6 126. Kg5 Kb5 127. Kh5 Kb4 128. Kh4 Bf5 129. Rc6 Be6 130. Rc7 Kb5 131. Rc1 1/2-1/2

[Event "45th FIDE Olympiad 2024"]
[Site "Budapest"]
[Date "2024.09.15"]
[Round "5.182"]
[White "Annaberdiyev, Meylis"]
[Black "Isaakidis, Alexandros"]
[Result "1-0"]
[ECO "B19"]
[WhiteElo "2431"]
[BlackElo "2155"]
[PlyCount "55"]
[EventDate "2024.09.05"]
[EventType "team-tourn"]
[EventCountry "HUN"]
[WhiteTeam "Turkmenistan"]
[BlackTeam "Cyprus"]
[WhiteTeamCountry "TKM"]
[BlackTeamCountry "CYP"]
[TimeControl "40/5400+30:1800+30"]

1. e4 c6 2. d4 d5 3. Nd2 dxe4 4. Nxe4 Bf5 5. Ng3 Bg6 6. Nf3 Nd7 7. h4 h6 8. Bd3 Bxd3 9. Qxd3 e6 10. Bf4 Bb4+ 11. c3 Be7 12. O-O-O Ngf6 13. Kb1 O-O 14. c4 a6 15. Ne5 Qa5 16. Qe2 Rad8 17. Bd2 Qc7 18. f4 c5 19. Bc3 b5 20. d5 exd5 21. cxd5 Rfe8 22. Nc6 Bf8 23. Qf3 Rc8 24. Nf5 Nxd5 25. Bxg7 Qxc6 26. Bxf8 Nxf8 27. Rxd5 Qe6 28. Nd6 1-0